 Dungeon Crawl Stone Soup version 0.30-a0-377-g5cb311bc9f (webtiles) character file.

Game seed: 14085970639813810951

432 KennySheep the Shooter (level 6, -3/48 HPs)
             Began as a Demigod Hunter on Nov 29, 2022.
             Shot with an arrow by a centaur (10 damage)
             ... on level 6 of the Dungeon.
             The game lasted 00:07:18 (3420 turns).

KennySheep the Shooter (Demigod Hunter)             Turns: 3420, Time: 00:07:18

Health: -3/48      AC:  3    Str: 12    XL:     6   Next: 39%
Magic:  8/8        EV: 12    Int: 11    God:
Gold:   254        SH:  0    Dex: 25    Spells: 5/5 levels left

rFire   . . .      SeeInvis .    a - +0 shortbow
rCold   . . .      Faith    .    (shield currently unavailable)
rNeg    . . .      Spirit   .    c - +0 leather armour
rPois   .          Reflect  .    (no helmet)
rElec   .          Harm     .    (no cloak)
rCorr   .          Rampage  .    (no gloves)
Will    .....                    (no boots)
Stlth   ++........               (no amulet)
HPRegen 0.28/turn                (no ring)
MPRegen 0.11/turn                (no ring)

@: no status effects
A: high MP 1, forlorn, divine attributes
a: no special abilities


You were on level 6 of the Dungeon.
You visited 1 branch of the dungeon, and saw 6 of its levels.

You collected 254 gold pieces.

Inventory:

Hand Weapons
 a - a +0 shortbow (weapon)
Armour
 c - a +0 leather armour (worn)
Jewellery
 i - a ring of resist corrosion
 k - a ring of willpower
 u - a +4 ring of protection
 v - a ring of flight
Scrolls
 b - 2 scrolls of immolation
 d - a scroll of teleportation {unknown}
 f - 2 scrolls of amnesia {unknown}
 g - 2 scrolls of identify
 l - 2 scrolls of torment {unknown}
 m - 2 scrolls of magic mapping {unknown}
 n - 2 scrolls of enchant weapon {unknown}
 q - 3 scrolls of noise {unknown}
 s - a scroll of vulnerability {unknown}
Potions
 e - 3 potions of curing
 h - a potion of might {unknown}
 j - 2 potions of flight {unknown}
 o - 2 potions of ambrosia {unknown}
 p - 2 potions of brilliance {unknown}
 r - a potion of berserk rage {unknown}


   Skills:
 - Level 1.7 Fighting
 + Level 7.4 Ranged Weapons
 - Level 1.7 Dodging
 - Level 0.8 Stealth


You had 5 spell levels left.
You didn't know any spells.
Your spell library contained the following spells:

 Spells                   Type           Power      Damage    Failure   Level
 Shock                    Conj/Air       0%         1d3       41%         1
 Swiftness                Air            0%         N/A       80%         3
 Airstrike                Air            0%         2d(0-16)  99%         4
 Animate Dead             Necr           0%         N/A       99%         4
 Borgnjor's Vile Clutch   Necr/Erth      0%         N/A       100%        5
 Death Channel            Necr           0%         N/A       100%        6


Dungeon Overview and Level Annotations

Branches:
Dungeon (6/15)
 Temple: D:4-7

Annotations:
D:4 Dowan, Duvessa
D:5 Pikel


Innate Abilities, Weirdness & Mutations

You have an increased reservoir of magic. (+10% MP)
You shall have no god before yourself.
Your divine heritage dramatically boosts your attributes as you level up.


Message History

You kill the bullfrog!
No target in view!
You start resting.
A shadow imp comes into view.
A shadow imp is nearby!
You shoot an arrow.
The arrow hits the shadow imp but does no damage.
You shoot an arrow. The arrow hits the shadow imp!
The shadow imp is almost dead.
The shadow imp gestures at you. Pain shoots through your body!
* * * LOW HITPOINT WARNING * * *
You shoot an arrow. The arrow hits the shadow imp.
You kill the shadow imp!
No target in view!
No target in view!
You start resting.
A bullfrog comes into view.
An orc wizard comes into view. It is wielding a +0 dagger.
You shoot an arrow. The arrow barely misses the bullfrog.
The bullfrog croaks.
You hear a shout! x3
You shoot an arrow. The arrow barely misses the bullfrog.
The bullfrog completely misses you.
You shoot an arrow. The arrow hits the bullfrog!
The bullfrog is heavily wounded.
The bullfrog closely misses you.
A centaur comes into view.
The bullfrog barely misses you.
The centaur wields a +0 shortbow.
The centaur shoots an arrow.
The arrow hits you!
You shoot an arrow. The arrow hits the bullfrog.
The bullfrog is severely wounded.
The bullfrog hits you!
The centaur shoots an arrow.
The arrow misses you. The bullfrog hits you!
* * * LOW HITPOINT WARNING * * *
You shoot an arrow. The arrow hits the bullfrog.
The bullfrog is severely wounded.
You hear a shout!
The bullfrog completely misses you.
The centaur shoots an arrow.
The arrow hits you!
You die...

.... .... ... ..#
.. . .## #o# #.##
.. #... ##@.#..#
#... ##..F..##
#...##........#
#...o<....#...c.
#....††....#..#..
#...#.......# ##
# ..# #....##.# .
##..## ... ....
...#


You could see a bullfrog, a centaur and an orc wizard.

Vanquished Creatures
  A bullfrog (D:6)
  3 necrophages
  A howler monkey (D:6)
  7 adders
  A shadow imp (D:6)
  12 orcs
  10 endoplasms
  2 giant cockroaches
  6 goblins
  4 hobgoblins
  3 quokkas (D:4)
  5 ball pythons
  6 bats
  A frilled lizard (D:2)
  4 kobolds
  7 rats
73 creatures vanquished.

Notes
Turn   | Place    | Note
-------+----------+-------------------------------------------
     0 | D:1      | KennySheep the Demigod Hunter began the quest for the Orb.
     0 | D:1      | Reached XP level 1. HP: 17/17 MP: 3/3
   250 | D:1      | Reached skill level 4 in Ranged Weapons
   308 | D:1      | Reached XP level 2. HP: 24/24 MP: 4/4
  1205 | D:2      | Reached XP level 3. HP: 29/29 MP: 5/5
  1783 | D:3      | Reached skill level 5 in Ranged Weapons
  2063 | D:3      | Reached XP level 4. HP: 31/36 MP: 6/6
  3181 | D:4      | Noticed a necrophage
  3197 | D:4      | Killed a necrophage
  3198 | D:4      | Reached skill level 6 in Ranged Weapons
  3198 | D:4      | Reached XP level 5. HP: 24/41 MP: 7/7
  3294 | D:4      | Noticed Duvessa
  3296 | D:4      | Noticed Dowan
  3305 | D:5      | Entered Level 5 of the Dungeon
  3312 | D:5      | Noticed Pikel
  3349 | D:6      | Reached skill level 7 in Ranged Weapons
  3349 | D:6      | Reached XP level 6. HP: 15/48 MP: 8/8
  3420 | D:6      | Shot with an arrow by a centaur

Illustrated notes

Levels and vault maps discovered:
D:1:      dpeg_arrival_more_subterranean_lakeside_camping, layout_loops_ring
D:2:      layout_basic
D:3:      layout_basic, chequers_ecumenical_altar_simple_redux
D:4:      layout_basic, palyth_stone_intersect, minmay_crystal_water,
          uniq_duvessa
D:5:      layout_gridville, chequers_jeans, uniq_blork_the_orc, uniq_pikel
D:6:      layout_layer_cave, minitemple, minmay_holes, minmay_diced_spiral

Skill      XL: |  1  2  3  4  5 |
---------------+----------------+-----
Ranged Weapons | 4 5 6 7 |  7.4
Fighting       | |  1.7
Dodging        | |  1.7
Stealth        | |  0.8

Action                   |  1- 3 |  4- 6 || total
-------------------------+-------+-------++-------
 Fire: Shortbow          |   115 |   116 ||   231
  Use: Scroll            |       |     2 ||     2
       Potion            |       |     1 ||     1
Armor: Leather armour    |    14 |     9 ||    23
Dodge: Dodged            |    26 |    52 ||    78

Table legend: (Time is in decaauts)
 A = Elapsed time spent in this place.
 B = Non-inter-level travel time spent in this place.
 C = Inter-level travel time spent in this place.
 D = Time resting spent in this place.
 E = Time spent auto-exploring this place.
 F = Levels seen in this place.
 G = Mean time per level.
                   A        B        C        D        E       F      G
               +--------+--------+--------+--------+--------+-----+--------+
         Total |   3482 |   3351 |    131 |    271 |   2623 |   6 |  580.3 |
       Dungeon |   3482 |   3351 |    131 |    271 |   2623 |   6 |  580.3 |
               +--------+--------+--------+--------+--------+-----+--------+

Top non-repeatable levels by time:
     D:3: 994 daAuts
     D:2: 869 daAuts
     D:1: 813 daAuts
     D:4: 683 daAuts
     D:6: 102 daAuts
     D:5: 18 daAuts
